 Dungeon Crawl Stone Soup version 0.26-a0-599-gc8f6553d2c (webtiles) character file.

Game seed: 6580719492876951381

280493 ANON1729 the Warrior (level 19, -16/187 HPs)
             Began as a Minotaur Fighter on Aug 29, 2020.
             Was the Champion of Cheibriados.
             Shot with a bolt by a yaktaur captain (32 damage)
             ... on level 3 of the Vaults.
             The game lasted 01:28:49 (39160 turns).

ANON1729 the Warrior (Minotaur Fighter)            Turns: 39160, Time: 01:28:49

Health: -16/187    AC: 15    Str: 42    XL:     19   Next: 68%
Magic:  26/27      EV: 27    Int: 20    God:    Cheibriados [******]
Gold:   1501       SH:  0    Dex: 27    Spells: 18/18 levels left

rFire    . . .     SeeInvis +   y - +9 longbow (vorpal)
rCold    . . .     Faith    .   (shield currently unavailable)
rNeg     + . .     Spirit   .   B - +4 Cigotuvi's embrace {rRot *Drain rN+}
rPois    +         Reflect  .   (helmet restricted)
rElec    .         Harm     +   l - scarf {harm}
rCorr    .                      K - +3 pair of gauntlets of War {Slay+5}
MR       +....                  p - +0 pair of boots
Stlth    +++.......             f - amulet of the Slug {*Drain +Inv Regen+ Stlth+}
HPRegen  0.81/turn              D - ring of see invisible
MPRegen  0.20/turn              h - ring of poison resistance

@: lightly drained, very slow
A: retaliatory headbutt, horns 2
}: 2/15 runes: barnacled, gossamer
a: Bend Time, Temporal Distortion, Slouch, Step From Time, Renounce Religion,
Evoke Invisibility


You were on level 3 of the Vaults.
You worshipped Cheibriados.
Cheibriados was exalted by your worship.
You visited 7 branches of the dungeon, and saw 35 of its levels.
You visited the Abyss 1 time.
You also visited: Sewer and Ossuary.

You collected 4112 gold pieces.
You spent 2611 gold pieces at shops.

Inventory:

Hand Weapons
 y - a +9 vorpal longbow (weapon)
 C - the +3 broad axe of Profit {chaos, rElec rC+++ rN+ Int-4}
   (You found it in an ossuary)

   Each time it hits an enemy it has a different, random effect.
   It affects your intelligence (-4).
   It renders you almost immune to cold.
   It insulates you from electricity.
   It protects you from negative energy.
   Cheibriados disapproves of the use of such an item.
 X - a +3 great sword of protection
Missiles
 m - 413 arrows (quivered)
Armour
 c - the +5 scale mail of Vuuredd {rF- MR+ Dex+2}
   (You found it on level 2 of the Spider Nest)

   It affects your dexterity (+2).
   It makes you vulnerable to fire.
   It affects your resistance to hostile enchantments.
 l - a scarf of harm (worn)
 p - a +0 pair of boots (worn)
 B - the +4 Cigotuvi's embrace (worn) {rRot *Drain rN+}
   (You found it on level 13 of the Dungeon)

   It protects you from negative energy.
   It causes draining when unequipped.
 K - the +3 pair of gauntlets of War (worn) {Slay+5}
   (You acquired it on level 1 of the Vaults)

   It affects your accuracy and damage with ranged weapons and melee attacks
   (+5).
Jewellery
 f - the amulet of the Slug (around neck) {*Drain +Inv Regen+ Stlth+}
   (You bought it in a shop on level 13 of the Dungeon)

   [amulet of regeneration]

   It lets you turn invisible.
   It increases your rate of regeneration.
   It causes draining when unequipped.
   It makes you more stealthy.
 h - a ring of poison resistance (right hand)
 x - a +4 ring of protection
 D - a ring of see invisible (left hand)
 G - an uncursed ring of protection from cold
 L - a cursed ring of teleportation {unknown}
 S - an uncursed ring of resist corrosion
Wands
 o - a wand of disintegration (31)
 I - a wand of polymorph (16)
 P - a wand of flame (67)
 V - a wand of iceblast (27)
 W - a wand of acid (46)
 Z - a wand of paralysis (17)
Scrolls
 a - 4 scrolls of fog
 i - 3 scrolls of identify
 k - 3 scrolls of enchant weapon
 q - 10 scrolls of amnesia
 u - 10 scrolls of enchant armour
 v - 10 scrolls of remove curse
 z - 3 scrolls of blinking
 E - 3 scrolls of magic mapping
 F - a scroll of brand weapon
 J - a scroll of torment
 M - 2 scrolls of fear
 O - 13 scrolls of teleportation
 R - a scroll of silence
 T - a scroll of vulnerability
 U - 2 scrolls of immolation
 Y - 6 scrolls of summoning
Potions
 b - 3 potions of magic
 d - 7 potions of might
 e - 4 potions of lignification
 g - 16 potions of curing
 j - 3 potions of ambrosia
 n - 2 potions of heal wounds
 r - 2 potions of resistance
 t - 9 potions of flight
 w - a potion of stabbing
 A - a potion of invisibility
 H - 7 potions of brilliance
 N - 4 potions of mutation


   Skills:
 * Level 20.4(19.8) Fighting
 + Level 15.4(14.8) Long Blades
 * Level 17.8(17.1) Bows
 + Level 15.6(15.0) Armour
 + Level 14.1(13.6) Dodging
   Level 3.7(3.2) Shields
 * Level 12.4(11.8) Invocations
 + Level 7.2(6.7) Evocations


You had 18 spell levels left.
You didn't know any spells.
Your spell library contained the following spells:

 Spells                   Type           Power        Failure   Level
 Animate Skeleton         Necr           #.....       21%         1
 Apportation              Tloc           #.....       21%         1
 Beastly Appendage        Tmut           #.....       21%         1
 Corona                   Hex            #......      21%         1
 Foxfire                  Conj/Fire      #...         21%         1
 Freeze                   Ice            #...         21%         1
 Sting                    Tmut/Pois      #...         21%         1
 Summon Small Mammal      Summ           #...         21%         1
 Ensorcelled Hibernation  Hex/Ice        #.....       30%         2
 Poisonous Vapours        Pois/Air       #.....       30%         2
 Wereblood                Tmut           #.......     30%         2
 Confusing Touch          Hex            #.......     52%         3
 Conjure Flame            Conj/Fire      #.......     52%         3
 Dazzling Flash           Conj/Hex       #.....       52%         3
 Frozen Ramparts          Ice            #.....       52%         3
 Ignite Poison            Fire/Tmut/Pois #.......     52%         3
 Inner Flame              Hex/Fire       #.......     52%         3
 Mephitic Cloud           Conj/Pois/Air  #.......     52%         3
 Ozocubu's Armour         Ice            #.......     52%         3
 Portal Projectile        Hex/Tloc       #.....       52%         3
 Spider Form              Tmut/Pois      #.........   52%         3
 Static Discharge         Conj/Air       #.......     52%         3
 Tukima's Dance           Hex            #.......     52%         3
 Hailstorm                Conj/Ice       #.......     89%         4
 Ice Form                 Ice/Tmut       #.......     89%         4
 Leda's Liquefaction      Hex/Erth       #.........   89%         4
 Olgreb's Toxic Radiance  Pois           #.......     89%         4
 Sticky Flame             Conj/Fire      #.......     89%         4
 Summon Ice Beast         Ice/Summ       #.......     89%         4
 Blade Hands              Tmut           #.........   99%         5
 Fireball                 Conj/Fire      #.........   99%         5
 Lightning Bolt           Conj/Air       #.........   99%         5
 Summon Mana Viper        Hex/Summ       #.......     99%         5
 Starburst                Conj/Fire      #.........   100%        6
 Ignition                 Fire           #.........   100%        8
 Shatter                  Erth           #.........   100%        9
 Tornado                  Air            #.........   100%        9


Dungeon Overview and Level Annotations

Branches:
Dungeon (15/15)            Temple (1/1) D:7            Lair (6/6) D:8
 Shoals (4/4) Lair:3       Spider (4/4) Lair:3        Slime (0/5) Lair:6
    Orc (2/2) D:11            Elf (0/3) Orc:2        Vaults (3/5) D:13
  Crypt (0/3) Vaults:2     Depths (0/5) D:15          Sewer (visited)
Ossuary (visited)

Altars:
Ashenzari
Cheibriados
Dithmenos
Elyvilon
Fedhas
Gozag
Hepliaklqana
Kikubaaqudgha
Makhleb
Nemelex Xobeh
Okawaru
Qazlal
Ru
Sif Muna
Trog
Uskayaw
Vehumet
Wu Jian
Xom
Yredelemnul
Zin
The Shining One
Beogh

Shops:
D:13 *   Orc:2 (*[!   Shoals:1 *   Vaults:1 [*?:[

Portals:
Hell: Lair:6

Annotations:
D:7 1 transporter
Vaults:2 Mennas


Innate Abilities, Weirdness & Mutations

You reflexively headbutt those who attack you in melee.
You have a pair of horns on your head.


Message History

The yaktaur captain wields a +0 arbalest.
The yaktaur captain shoots a bolt.
The bolt closely misses you.
You hear a shout!
You see here a bolt.
Press: ? - help, v - describe, . - travel
Here: a basilisk shaped shifter The floor.
The boggart casts a spell. x2
The yaktaur captain shoots a bolt.
The bolt hits you!
The deep elf mage casts a spell.
The deep elf mage blinks!
The deep troll bites you.
* * * LOW HITPOINT WARNING * * *
The deep troll claws you!
* * * LOW HITPOINT WARNING * * *
The deep troll barely misses you. The basilisk bites you!!
* * * LOW HITPOINT WARNING * * *
Press: ? - help, Dir - move target cursor
As you read the scroll of blinking, it crumbles to dust.
The yaktaur captain shoots a bolt.
The bolt hits you!!
You die...

....p.....#.# .......
....(....o')####.W....#
.........[#(e.l.[c<<...
..........#.((§T§.O<...
..........#.####....O.#
.........(#.# .......O
###########.#. #.#..#pO
#.#..#.#..# . #.#...@#
.# #.###### #


You could see a yaktaur captain, an ogre mage (summoned), a deep troll and a
freezing wraith.

Vanquished Creatures
  A bone dragon (Abyss:3)
  Arachne (Spider:2)
  Jorgrun (D:14)
  Rupert (D:13)
  A tengu reaver (Vaults:2)
  Kirke (D:13)
  Roxanne (Spider:3)
  Ilsuiw (Shoals:3)
  7 vault wardens
  6 ghost moths
  Louise (D:15)
  A deep elf sorcerer (Vaults:1)
  Aizul (Spider:3)
  2 emperor scorpions
  3 stone giants
  3 ironheart preservers
  A war gargoyle (Vaults:2)
  2 entropy weavers
  A vampire knight (Vaults:2)
  A lorocyproca (Abyss:3)
  Nessos (D:15)
  3 spark wasps
  Azrael (D:13)
  10 merfolk javelineers (Shoals:4)
  A dire elephant (Lair:6)
  A deep elf annihilator (Vaults:1)
  Snorg (D:10)
  11 merfolk impalers
  2 fire dragons
  Josephine (D:13)
  3 yaktaur captains
  4 great orbs of eyes
  Fannar (Lair:1)
  2 ice dragons
  2 rakshasas
  8 vault guards
  A catoblepas (Lair:6)
  3 merfolk avatars
  7 hydras
  3 merfolk aquamancers
  12 centaur warriors
  2 satyrs
  2 alligator snapping turtles (Shoals:4)
  2 death knights
  13 two-headed ogres
  A vampire mage (Vaults:2)
  2 ogre magi (Vaults:2)
  4 orc high priests
  A thrashing horror (Abyss:3)
  Nergalle (D:10)
  A deep elf knight (Vaults:3)
  Urug (D:10)
  A sun demon (Lair:6)
  A wretched star (Abyss:2)
  2 unseen horrors
  A spatial maelstrom (Abyss:3)
  12 sea snakes
  8 skeletal warriors
  A flayed ghost (Vaults:2)
  3 wizards
  2 deep elf archers
  A necromancer (Vaults:2)
  8 harpies
  10 orb spiders
  24 wolf spiders
  A deep elf mage (D:15)
  17 orc knights
  5 ironbrand convokers
  3 phantasmal warriors
  An oklob plant (Lair:4)
  18 cyclopes
  17 manticores
  6 fauns
  8 orc sorcerers
  19 ugly things
  6 elephants
  3 moths of wrath
  Maurice (D:10)
  12 merfolk sirens
  A guardian serpent (shapeshifter) (D:15)
  6 water nymphs
  2 black mambas
  An apocalypse crab (Abyss:2)
  2 orange demons
  10 vault sentinels
  2 smoke demons
  3 gargoyles
  A storm dragon simulacrum (Vaults:1)
  4 torpor snails
  12 cane toads
  5 komodo dragons
  14 yaktaurs
  14 demonic crawlers
  4 rime drakes
  A tormentor (Abyss:3)
  An efreet (D:13)
  2 freezing wraiths
  3 kobold demonologists
  A hellwing (Lair:6)
  3 ice devils (Lair:6)
  A red devil (Lair:6)
  9 blink frogs
  3 wind drakes
  A raiju (Abyss:3)
  A queen bee (shapeshifter) (Vaults:1)
  7 trolls
  32 merfolk
  31 jumping spiders
  13 hippogriffs
  9 hornets
  24 slime creatures
  7 snapping turtles
  3 meliai zombies
  9 dream sheep
  2 hippogriffs (shapeshifter)
  2 shadows
  25 tarantellas
  51 redbacks
  11 water elementals
  A hog (shapeshifter) (Vaults:1)
  2 ynoxinuls (Abyss:3)
  A fire elemental (D:13)
  8 wraiths
  A wyvern (D:12)
  A human (shapeshifter) (Vaults:1)
  57 yaks
  A steam dragon (Lair:5)
  3 basilisks
  A yak (shapeshifter) (Vaults:2)
  3 hogs (D:13)
  2 chaos spawn (Abyss:3)
  Grum (D:8)
  10 vampire mosquitoes
  5 large abominations
  7 wargs
  3 spatial vortices (Abyss:3)
  A soldier ant (D:15)
  An acid dragon (Vaults:1)
  13 hell hounds
  6 water moccasins
  40 orc warriors
  Purgy (Sewer)
  5 porcupines
  4 small abominations
  4 sky beasts
  3 ice beasts
  3 black bears
  3 eyes of draining
  A hornet zombie (D:15)
  4 phantoms
  3 boggarts (Vaults:3)
  A necrophage (D:8)
  15 wolves
  13 ogres
  15 centaurs
  13 crocodiles
  18 bullfrogs
  2 elf zombies (Ossuary)
  5 gnoll sergeants (D:9)
  An elf skeleton (D:5)
  5 scorpions
  2 human simulacra
  4 killer bees (D:6)
  12 wights
  2 electric eels
  A howler monkey (D:14)
  A crimson imp (Spider:2)
  2 bullfrog zombies
  8 centaur zombies
  3 quasits
  A jelly (D:10)
  10 centaur skeletons
  14 hounds
  25 orc priests
  A bullfrog skeleton (D:13)
  32 orc wizards
  4 gnoll shamans
  Jessica (D:3)
  2 human skeletons (D:5)
  3 iguanas
  12 worker ants
  Terence (D:2)
  2 hound skeletons
  A hound zombie (D:7)
  4 mummies (Ossuary)
  A howler monkey zombie (D:6)
  Robin (D:2)
  65 gnolls
  2 howler monkey skeletons
  11 adders
  3 white imps
  An ufetubus (D:9)
  2 adder zombies (Ossuary)
  An ooze (D:1)
  5 worms
  2 dart slugs
  5 leopard geckos
  102 orcs
  11 bats
  6 giant cockroaches
  A gnoll zombie (Ossuary)
  15 goblins
  4 hobgoblins
  36 jackals
  3 quokkas
  5 ball pythons
  13 frilled lizards
  2 goblin zombies (Ossuary)
  A hobgoblin zombie (Ossuary)
  2 jackal zombies (Ossuary)
  5 kobolds
  A kobold zombie (Ossuary)
  A leopard gecko skeleton (D:7)
  An orc skeleton (D:5)
  2 orc zombies (D:5)
  10 rats
  A rat zombie (Ossuary)
  A bush (Lair:4)
1426 creatures vanquished.

Vanquished Creatures (others)
  A wraith (D:13)
  3 humans (D:13)
  A gnoll (D:9)
  2 orcs (D:13)
  A jackal (D:9)
  16 fungi
  68 plants
92 creatures vanquished.

Grand Total: 1518 creatures vanquished

Notes
Turn   | Place    | Note
-------+----------+-------------------------------------------
     0 | D:1      | ANON1729 the Minotaur Fighter began the quest for the Orb.
     0 | D:1      | Reached XP level 1. HP: 19/19 MP: 0/0
   306 | D:1      | Reached XP level 2. HP: 27/27 MP: 1/1
   585 | D:1      | Reached skill level 4 in Fighting
   585 | D:1      | Reached skill level 1 in Dodging
   779 | D:2      | Found a shimmering blue altar of Sif Muna.
   814 | D:2      | Noticed Terence
   820 | D:2      | Killed Terence
   820 | D:2      | Reached XP level 3. HP: 33/33 MP: 2/2
  1047 | D:2      | Found a basalt altar of Yredelemnul.
  1050 | D:2      | Found a glowing golden altar of the Shining One.
  1053 | D:2      | Found a glowing silver altar of Zin.
  1056 | D:2      | Found an ornate altar of the Wu Jian Council.
  1106 | D:2      | Noticed Robin
  1123 | D:2      | Reached XP level 4. HP: 35/41 MP: 3/3
  1143 | D:2      | Killed Robin
  1615 | D:3      | Noticed Jessica
  1620 | D:3      | Killed Jessica
  1620 | D:3      | Reached XP level 5. HP: 44/47 MP: 4/4
  1645 | D:3      | Found a sparkling altar of Nemelex Xobeh.
  2242 | D:3      | Found an opulent altar of Gozag.
  2444 | D:3      | Reached skill level 5 in Fighting
  2726 | D:4      | Reached skill level 5 in Armour
  2829 | D:4      | Reached XP level 6. HP: 54/56 MP: 5/5
  3342 | D:4      | Noticed an orc warrior
  3413 | D:3      | Reached skill level 6 in Fighting
  3920 | D:4      | Killed an orc warrior
  3920 | D:4      | Reached XP level 7. HP: 64/64 MP: 6/6
  4047 | D:5      | Entered Level 5 of the Dungeon
  4053 | D:5      | Reached skill level 5 in Long Blades
  4099 | D:5      | Found a glowing drain.
  4136 | D:5      | Reached skill level 7 in Fighting
  4158 | Sewer    | Entered a sewer
  4208 | Sewer    | Noticed Purgy
  4213 | Sewer    | Killed Purgy
  4357 | D:5      | Reached XP level 8. HP: 57/73 MP: 7/7
  4363 | D:5      | Found a sand-covered staircase.
  4369 | Ossuary  | Entered an ossuary
  4686 | Ossuary  | Reached skill level 8 in Fighting
  4702 | Ossuary  | Got a bloodstained broad axe
  4711 | Ossuary  | Identified the cursed +3 broad axe of Profit {chaos, rElec
                  | rC+++ rN+ Int-4} (You found it in an ossuary)
  5071 | D:5      | Reached skill level 5 in Dodging
  5664 | D:6      | Reached skill level 9 in Fighting
  6051 | D:6      | Reached XP level 9. HP: 73/83 MP: 8/8
  6259 | D:6      | Reached skill level 1 in Bows
  6937 | D:7      | Found a staircase to the Ecumenical Temple.
  7088 | Temple   | Entered the Ecumenical Temple
  7499 | D:7      | Found a sparkling altar of Nemelex Xobeh.
  7499 | D:7      | Found a transporter.
  7499 | D:7      | Noticed an ice dragon
  7592 | D:7      | Found a hide-covered altar of Uskayaw.
  7593 | D:7      | Noticed a +0 dagger
  7593 | D:7      | Noticed a +0 dagger
  7688 | D:7      | Found a blossoming altar of Fedhas.
  7767 | D:8      | Reached skill level 10 in Fighting
  7894 | D:8      | Noticed Grum
  8624 | D:8      | Killed Grum
  8745 | D:8      | Found a staircase to the Lair.
  8983 | D:8      | Found a burning altar of Makhleb.
  9024 | D:8      | Reached XP level 10. HP: 80/94 MP: 9/9
  9366 | D:8      | Reached skill level 5 in Bows
  9973 | D:9      | Reached skill level 11 in Fighting
 10228 | D:9      | Got a shimmering ring mail
 10239 | D:9      | Identified the +5 ring mail of Tenacity {Dex+4} (You found
                  | it on level 9 of the Dungeon)
 10312 | D:9      | Found a snail-covered altar of Cheibriados.
 10332 | D:9      | Became a worshipper of Cheibriados the Contemplative
 10533 | D:9      | Noticed a gargoyle
 10687 | D:9      | Killed a gargoyle
 10859 | D:9      | Found a stormy altar of Qazlal.
 10912 | D:9      | Reached * piety under Cheibriados
 11396 | D:9      | Reached ** piety under Cheibriados
 11788 | D:9      | Found a hazy altar of Hepliaklqana.
 11906 | D:10     | Entered Level 10 of the Dungeon
 11908 | D:10     | Noticed Nergalle
 11917 | D:10     | Killed Nergalle
 12011 | D:10     | Reached XP level 11. HP: 103/104 MP: 10/10
 12015 | D:10     | Noticed Snorg
 12019 | D:10     | Killed Snorg
 12019 | D:10     | Reached skill level 12 in Fighting
 12072 | D:10     | Reached *** piety under Cheibriados
 12103 | D:10     | Noticed Maurice
 12108 | D:10     | Killed Maurice
 12290 | D:10     | Noticed Urug
 12299 | D:10     | Killed Urug
 12523 | D:11     | Noticed a purple ugly thing
 12722 | D:11     | Reached **** piety under Cheibriados
 12766 | D:11     | Killed a purple ugly thing
 12766 | D:11     | Reached skill level 10 in Armour
 12780 | D:11     | Noticed a death knight
 12792 | D:11     | Noticed an unseen horror
 12800 | D:11     | Killed an unseen horror
 13129 | D:11     | Reached skill level 13 in Fighting
 13586 | Lair:1   | Entered Level 1 of the Lair of Beasts
 13720 | Lair:1   | Noticed Fannar
 13728 | Lair:1   | Killed Fannar
 13852 | Lair:1   | Reached XP level 12. HP: 115/115 MP: 11/11
 13910 | Lair:1   | Reached skill level 10 in Long Blades
 14098 | Lair:1   | Noticed a five-headed hydra
 14105 | Lair:1   | Killed a five-headed hydra
 15731 | Lair:3   | Found a hole to the Spider Nest.
 15986 | Lair:3   | Found a staircase to the Shoals.
 16109 | Lair:4   | Reached skill level 10 in Bows
 16224 | Lair:4   | Found a shattered altar of Ashenzari.
 16249 | Lair:4   | Reached ***** piety under Cheibriados
 16260 | Lair:4   | Reached skill level 14 in Fighting
 17818 | Lair:6   | Entered Level 6 of the Lair of Beasts
 17869 | Lair:6   | Reached XP level 13. HP: 125/125 MP: 12/12
 17992 | Lair:6   | Reached skill level 10 in Dodging
 18241 | Lair:6   | Reached ****** piety under Cheibriados
 18246 | Lair:6   | Reached skill level 15 in Fighting
 18365 | Lair:6   | Noticed a dire elephant
 18368 | Lair:6   | Killed a dire elephant
 18402 | Lair:6   | Found a burning altar of Makhleb.
 18699 | Lair:6   | Found a gateway to Hell.
 18936 | Lair:6   | Found a staircase to the Slime Pits.
 19592 | D:11     | Found a staircase to the Orcish Mines.
 19600 | D:11     | Found a roughly hewn altar of Beogh.
 20061 | D:12     | Reached XP level 14. HP: 136/136 MP: 13/13
 20317 | D:13     | Noticed Kirke
 20324 | D:13     | Killed Kirke
 20332 | D:13     | Noticed Josephine
 20337 | D:13     | Killed Josephine
 20381 | D:13     | Reached skill level 16 in Fighting
 20557 | D:13     | Found Xoit's Assorted Antiques.
 20570 | D:13     | Bought a smoking bone amulet for 145 gold pieces
 20570 | D:13     | Bought a scroll of enchant weapon for 217 gold pieces
 20570 | D:13     | Bought a scroll of teleportation for 87 gold pieces
 20570 | D:13     | Identified the amulet of the Slug {*Drain +Inv Regen+
                  | Stlth+} (You bought it in a shop on level 13 of the
                  | Dungeon)
 20646 | D:13     | Reached skill level 1 in Invocations
 20808 | D:13     | Found a gate to the Vaults.
 21081 | D:13     | Noticed Azrael
 21323 | D:13     | Noticed Rupert
 21351 | D:13     | Paralysed by Rupert for 5 turns
 21356 | D:13     | Killed Rupert
 22134 | D:13     | Killed Azrael
 22257 | D:13     | Found the +4 Cigotuvi's embrace {rRot *Drain rN+}
 22440 | D:14     | Noticed Jorgrun
 23132 | D:14     | Reached XP level 15. HP: 146/146 MP: 17/17
 23397 | D:14     | Killed Jorgrun
 23397 | D:14     | Reached skill level 17 in Fighting
 23397 | D:14     | Reached skill level 5 in Invocations
 23564 | D:15     | Entered Level 15 of the Dungeon
 23566 | D:15     | Noticed Nessos
 23585 | D:15     | Killed Nessos
 24019 | D:15     | Noticed Louise
 24043 | D:15     | Killed Louise
 24056 | D:15     | Found a hide-covered altar of Uskayaw.
 24414 | D:15     | Found a staircase to the Depths.
 24418 | D:15     | Reached skill level 1 in Evocations
 24552 | D:15     | Found a hide-covered altar of Uskayaw.
 24771 | Orc:1    | Entered Level 1 of the Orcish Mines
 24800 | Orc:1    | Found a radiant altar of Vehumet.
 24983 | Orc:2    | Entered Level 2 of the Orcish Mines
 25070 | Orc:2    | Found a roughly hewn altar of Beogh.
 25346 | Orc:2    | Reached XP level 16. HP: 157/157 MP: 20/20
 25402 | Orc:2    | Found Upi Pucy's General Store.
 25402 | Orc:2    | Found Sakah's Weapon Shoppe.
 25405 | Orc:2    | Found Ehahij's Distillery.
 25405 | Orc:2    | Found Nynazen's Antique Armour Shoppe.
 25411 | Orc:2    | Bought a scroll of blinking for 127 gold pieces
 25411 | Orc:2    | Bought a scroll of teleportation for 51 gold pieces
 25411 | Orc:2    | Bought a potion of heal wounds for 85 gold pieces
 25411 | Orc:2    | Bought a scroll of enchant weapon for 127 gold pieces
 25411 | Orc:2    | Bought a scroll of identify for 34 gold pieces
 25543 | Orc:2    | Found a staircase to the Elven Halls.
 25884 | Orc:1    | Found a roughly hewn altar of Beogh.
 26254 | Spider:1 | Entered Level 1 of the Spider Nest
 27383 | Spider:1 | Reached skill level 18 in Fighting
 27386 | Spider:1 | Reached skill level 15 in Bows
 28496 | Spider:2 | Got a brightly glowing scale mail
 28532 | Spider:3 | Noticed Roxanne
 28549 | Spider:3 | Noticed Arachne
 28691 | Spider:3 | Killed Roxanne
 28808 | Spider:2 | Killed Arachne
 29025 | Spider:3 | Noticed Aizul
 29033 | Spider:3 | Killed Aizul
 29447 | Spider:4 | Entered Level 4 of the Spider Nest
 30014 | Spider:4 | Reached XP level 17. HP: 166/166 MP: 22/22
 30824 | Spider:4 | Got a gossamer rune of Zot
 31042 | Shoals:1 | Entered Level 1 of the Shoals
 31451 | Shoals:1 | Found Witiruler's General Store.
 31459 | Shoals:1 | Bought a +1 pair of gloves of archery for 280 gold pieces
 31459 | Shoals:1 | Bought a scroll of identify for 34 gold pieces
 31459 | Shoals:1 | Bought a scroll of magic mapping for 59 gold pieces
 31459 | Shoals:1 | Bought a scroll of identify for 34 gold pieces
 31477 | Shoals:1 | Identified the +5 scale mail of Vuuredd {rF- MR+ Dex+2}
                  | (You found it on level 2 of the Spider Nest)
 32268 | Shoals:2 | Reached skill level 5 in Evocations
 32272 | Shoals:2 | Reached skill level 19 in Fighting
 32628 | Shoals:3 | Reached skill level 10 in Invocations
 32727 | Shoals:3 | Noticed Ilsuiw
 32735 | Shoals:3 | Killed Ilsuiw
 33106 | Shoals:4 | Entered Level 4 of the Shoals
 33471 | Shoals:4 | Identified the Papyrus of the Arsonist and Beguiling
 33540 | Shoals:4 | Reached XP level 18. HP: 124/176 MP: 24/24
 34011 | Shoals:4 | Got a barnacled rune of Zot
 34900 | Vaults:1 | Entered Level 1 of the Vaults
 34900 | Vaults:1 | Found Hixta's Armour Boutique.
 34902 | Vaults:1 | Cast into level 2 of the Abyss (a wizard)
 34950 | Abyss:2  | Found a corrupted altar of Lugonu.
 35291 | Abyss:3  | Found an opulent altar of Gozag.
 35337 | Abyss:3  | Reached skill level 15 in Armour
 35355 | Abyss:3  | Noticed a bone dragon
 35365 | Abyss:3  | Killed a bone dragon
 35610 | Vaults:1 | Escaped the Abyss
 35820 | Vaults:1 | Identified the +2 scale mail of the Devil's Advocate
                  | {Str+2} (You found it on level 1 of the Vaults)
 36207 | Vaults:1 | Reached skill level 15 in Long Blades
 36538 | Vaults:1 | Reached skill level 20 in Fighting
 36538 | Vaults:1 | Reached XP level 19. HP: 185/185 MP: 26/26
 36658 | Vaults:1 | Found Lalox's Magic Scroll Boutique.
 36681 | Vaults:1 | Bought a scroll of acquirement for 780 gold pieces
 36681 | Vaults:1 | Bought a scroll of fear for 52 gold pieces
 36681 | Vaults:1 | Bought a scroll of fear for 52 gold pieces
 36681 | Vaults:1 | Bought a scroll of teleportation for 45 gold pieces
 36681 | Vaults:1 | Bought a scroll of teleportation for 45 gold pieces
 36681 | Vaults:1 | Acquired the +3 pair of gauntlets of War {Slay+5}
 36682 | Vaults:1 | Found the +3 pair of gauntlets of War {Slay+5}
 36863 | Vaults:1 | Found Ipun Wao's Book Shop.
 36945 | Vaults:1 | Found a shimmering altar of Xom.
 36950 | Vaults:1 | Found Gures's Armour Shoppe.
 36956 | Vaults:1 | Bought a scarf of harm for 189 gold pieces
 37022 | Vaults:1 | Found Mutech's General Store.
 37061 | Vaults:1 | Bought a scroll of teleportation for 63 gold pieces
 37061 | Vaults:1 | Bought a potion of heal wounds for 105 gold pieces
 37622 | Vaults:2 | Found a staircase to the Crypt.
 37964 | Vaults:2 | Noticed Mennas
 38600 | Vaults:2 | Found the +5 robe of Misfortune {*Contam Harm *Corrode
                  | *Drain *Slow EV+5}
 39160 | Vaults:3 | Shot with a bolt by a yaktaur captain

Illustrated notes

Levels and vault maps discovered:
D:1:      scummos_arrival_hexagon, layout_basic
D:2:      layout_loops_ring, grunt_temple_overflow_cloverleaf,
          lemuel_crystal_altar, uniq_robin, uniq_terence
D:3:      layout_basic, nicolae_overflow_crystal_walls, lemuel_crystal_altar,
          uniq_jessica
D:4:      layout_loops_corners, wad_floor_pattern_1, fountainhead,
          minmay_a_box_with_orc_wizards_in_it
D:5:      layout_basic, nicolae_ossuary_entry_catacombs,
          cheibrodos_sewer_entry_drain
D:6:      lemuel_castle_with_subvaults [lemuel_castle_interior_carwin_2],
          layout_gridville, minmay_hedge_maze
D:7:      lemuel_upstairs_altar, layout_basic, dancing_weapons_uskayaw,
          fedhas_altar_fruit_tree, minmay_temple_entry_waves,
          grunt_nemelex_the_gamble
D:8:      layout_loops_ring, lemuel_crystal_altar, lair_entry_dummy, uniq_grum
D:9:      layout_cross, nicolae_qazlal_general_emergency, kennysheep_little_box,
          cheibrodos_worm_habitat, serial_gnoll_camp, gnoll_camp_mini_hut,
          gnoll_camp_huts_moat, gnoll_camp_mini_doghouse, gnoll_camp_mini_house,
          gnoll_camp_medium_02, gnoll_camp_mini_house
D:10:     layout_cave_pools, uniq_nergalle, uniq_urug, uniq_snorg, uniq_maurice
D:11:     layout_loops_ring, minmay_orc_entry_temple_small
D:12:     layout_rooms
D:13:     layout_grid_maze, lightli_vaults_fourway_checkpoint, serial_shops,
          shop_fountains, uniq_kirke, uniq_rupert, uniq_azrael, uniq_josephine
D:14:     layout_irregular_city, hangedman_decor_peaks_small,
          kennysheep_generic_room_14, uniq_jorgrun
D:15:     grunt_enter_depths_snipers, layout_loops_cross,
          palyth_stone_intersect, hangedman_feature_mirror, uniq_louise,
          uniq_nessos
Temple:   jpeg_temple_island
Lair:1:   layout_cave_pods, uniq_fannar
Lair:2:   layout_cave_pods
Lair:3:   layout_long_grid, shoals_dummy_entry, spider_nest_entry_rubble,
          nicolae_quartered_pool_little, grunt_megastairs_3
Lair:4:   layout_cave_shapes, lemuel_oklob_altar
Lair:5:   layout_loops_ring
Lair:6:   evil_forest, layout_regular_city, dpeg_slime_entry_corner,
          infiniplex_staircase_pool_2, serial_bayou_shore_b
Shoals:1: layout_shoals, serial_shops, shop
Shoals:2: layout_shoals
Shoals:3: layout_shoals, nicolae_shoals_so_close, uniq_ilsuiw
Shoals:4: shoals_end_grunt_ice, layout_shoals, shoal_ilsuiw,
          nicolae_shoals_mertower
Spider:1: layout_chambers
Spider:2: layout_spider_delve, nicolae_crawler_farm
Spider:3: layout_spider_delve, hangedman_spider_tarantella_strand, uniq_arachne,
          uniq_aizul, uniq_roxanne
Spider:4: spider_rune_water
Orc:1:    layout_caves, basic_altar, bh_open_orc_temple
Orc:2:    grunt_orc_tribal_feast, layout_caves, basic_altar
Vaults:1: nicolae_vaults_rhombus_5, hangedman_vaults_variations,
          nicolae_vaults_what_the_h, v_pattern_3, nicolae_vaults_three_branches,
          hangedman_vaults_river_flow, nicolae_vaults_network_star,
          vaults_room_hallway, layout_vaults_omnigrid, serial_shops,
          nicolae_shop_trees, nicolae_shop_stone, shop,
          nicolae_shop_behind_doors, shop_fountains, basic_altar
Vaults:2: nicolae_vaults_little_squares_2, minmay_crypt_entry_simple_statues,
          v_pattern_2, serial_ice_h, v_misc_24, grunt_vaults_swirl,
          ontoclasm_vaults_gallery, nicolae_vaults_network_s,
          vaults_room_door_ring, nicolae_vaults_asterisk, grunt_vaults_focal,
          nicolae_vaults_triangles, nicolae_vaults_specimen_jars,
          vaults_dpeg_diagonal, layout_vaults_ring, uniq_mennas
Vaults:3: nicolae_vaults_minivaults, dpeg_vaults_monster_row,
          hangedman_vaults_maws, v_misc_16, ontoclasm_vaults_ring_small,
          hangedman_vaults_impose, hangedman_vaults_pinch, v_misc_10,
          nicolae_vaults_gold_heap, vaults_room_door_hall,
          ontoclasm_vaults_chip, nicolae_vaults_little_squares_4,
          v_alt_pattern_3, layout_vaults_omnicross, serial_shops, shop,
          uniq_xtahua

Skill      XL: |  1  2  3  4  5  6  7  8  9 10 11 12 13 14 15 16 17 18 19 |
---------------+----------------------------------------------------------+-----
Fighting       | 4 5 6 7 9 10 11 13 14 15 16 17 18 19 20 | 20.4
Dodging        | 1 2 3 4 5 6 7 8 9 10 11 12 13 14 | 14.1
Armour         | 4 5 6 7 8 9 10 11 12 13 14 15 | 15.6
Long Blades    | 3 4 5 6 7 8 9 10 11 12 13 14 15 | 15.4
Bows           | 4 7 9 10 12 13 14 15 16 17 | 17.8
Invocations    | 4 6 8 10 11 12 | 12.4
Evocations     | 2 4 5 6 7 |  7.2
Shields        | |  3.7

Action                   |  1- 3 |  4- 6 |  7- 9 | 10-12 | 13-15 | 16-18 | 19-21 || total
-------------------------+-------+-------+-------+-------+-------+-------+-------++-------
Melee: Long sword        |    77 |   279 |   215 |    54 |       |       |       ||   625
       Headbutt          |     7 |    37 |    71 |    68 |       |       |       ||   183
       Broad axe         |       |       |   181 |   101 |       |       |       ||   282
       Longbow           |       |       |       |    42 |       |       |       ||    42
 Fire: Longbow           |       |       |       |   460 |   927 |  1257 |   287 ||  2931
Invok: Bend Time         |       |       |       |       |     3 |     3 |     1 ||     7
       Step From Time    |       |       |       |       |       |     4 |     2 ||     6
       Slouch            |       |       |       |       |       |       |     1 ||     1
Evoke: Wand              |       |     2 |     5 |     7 |       |       |       ||    14
  Use: Scroll            |       |     3 |    14 |     5 |    14 |    16 |     4 ||    56
       Potion            |       |       |     1 |     1 |     4 |     6 |     2 ||    14
 Stab: Paralysed         |       |       |     5 |       |       |       |       ||     5
Armor: Scale mail        |    44 |   110 |   216 |    71 |       |       |       ||   441
       Ring mail         |       |       |       |    94 |    67 |       |       ||   161
       Leather armour    |       |       |       |       |    41 |   155 |    26 ||   222
Dodge: Dodged            |     9 |    71 |   207 |   352 |   382 |   654 |   105 ||  1780
Block: Kite shield       |    39 |   158 |   257 |   120 |       |       |       ||   574
       Rpst.: Long sword |     2 |    14 |    33 |     6 |       |       |       ||    55

Table legend: (Time is in decaauts)
 A = Elapsed time spent in this place.
 B = Non-inter-level travel time spent in this place.
 C = Inter-level travel time spent in this place.
 D = Time resting spent in this place.
 E = Time spent auto-exploring this place.
 F = Levels seen in this place.
 G = Mean time per level.
                   A        B        C        D        E       F      G
               +--------+--------+--------+--------+--------+-----+--------+
         Total |  57321 |  53082 |   4239 |   8251 |  35530 |  39 | 1469.8 |
       Dungeon |  23405 |  21557 |   1848 |   5270 |  11784 |  15 | 1560.3 |
        Temple |    292 |    273 |     19 |      0 |    272 |   1 |  292.0 |
          Lair |  10011 |   8986 |   1025 |    632 |   7467 |   6 | 1668.5 |
        Shoals |   5956 |   5589 |    367 |    792 |   3801 |   4 | 1489.0 |
   Spider Nest |   8307 |   7626 |    681 |    439 |   6399 |   4 | 2076.8 |
  Orcish Mines |   2144 |   2013 |    131 |    102 |   1489 |   2 | 1072.0 |
        Vaults |   5559 |   5394 |    165 |    700 |   3785 |   3 | 1853.0 |
         Abyss |   1124 |   1124 |      0 |    142 |    411 |   2 |  562.0 |
         Sewer |    163 |    163 |      0 |      0 |     36 |   1 |  163.0 |
       Ossuary |    356 |    356 |      0 |    172 |     83 |   1 |  356.0 |
               +--------+--------+--------+--------+--------+-----+--------+

Top non-repeatable levels by time:
    D:13: 3600 daAuts
Vaults:2: 2794 daAuts
Vaults:1: 2676 daAuts
Spider:4: 2590 daAuts
     D:9: 2404 daAuts
Spider:1: 2373 daAuts
Shoals:4: 2307 daAuts
Spider:2: 2236 daAuts
  Lair:6: 2234 daAuts
     D:8: 1912 daAuts
    D:11: 1895 daAuts
    D:14: 1878 daAuts
     D:6: 1789 daAuts
  Lair:1: 1745 daAuts
    D:15: 1737 daAuts
